Unix NetHack Version 5.0.0-0 post-release - last build May 31 2026 23:59:36 (970b52f25bf058293b47ddfd14a1e40e571c508c,branch:main).

Game began 2026-06-05 13:04:54, ended 2026-06-05 13:14:10.

DiePARTEI, neutral female human Tourist

    ---------
    |.......|                                  -------
    |.......-##         -------------          |.....|
    |.......| #         |...........)#         ......|
    |.......| #         |...........|#        #|.....|
    |...(...| #         |...........|#        #......|
    -----|--- #         |...{.......|#        #-.-----
      ####    ##        --------.----#       ## ############
       #       ##               #    #       ##            #
       #        ###             #    #       ##            #            -----
       #          #             %    ##################### #            |...|
     ###          ##           ##    %-----  ##  --------.-|-        ###....|
   --|------       ##         %#     #|....###   |...........#########  |...|
   |.......|        ##       #%      #|...|  #   |..........|           -----
   |..(....|         #       #       #)...|      ...........|
   |.....%%|         #-------|---     |....      |.....<....|
   |.(....%|         #->.....K@.|     -----      ------------
   ---------          |......K..F
                      -----------

DiePARTEI the Sightseer     St:13 Dx:10 Co:15 In:13 Wi:8 Ch:17  Neutral
Dlvl:2  $:0  HP:0(37) Pw:0(10) AC:9  Xp:4 T:979  Burdened

Latest messages:
 It hits!
 In what direction? 1
 The dart hits it!
 It hits!
 In what direction? 1
 You kill it!
 You can see again.
 In what direction? 4
 The dart hits the Kop Sergeant.
 The Kop Sergeant lashes his rubber hose.
 The Kop Sergeant hits!
 In what direction? 4
 The dart hits the Kop Sergeant!
 The Kop Sergeant lashes his rubber hose.
 The Kop Sergeant hits!
 In what direction? 4
 You kill the Kop Sergeant!
 The fox bites!
 In what direction? 1
 You kill the fox!
 You have a little trouble lifting a - 2 +2 darts (at the ready) (14 in total).
 S - a rubber hose.
 There are several objects here.
 You have a little trouble lifting T - a square amulet.
 a - 4 +2 darts (at the ready) (18 in total).
 You learn more about your items by comparing them.
 a - 2 +2 darts (at the ready) (20 in total).
 P - 2 cream pies (3 in total).
 You hear water falling on coins.
 What do you want to zap? [IJ or ?*] I
 In what direction? 2
 The wand hits the Kop Sergeant!
 The Kop Sergeant hits!
 The wand hits the Kop Sergeant!
 You kill the Kop Sergeant!
 What do you want to zap? [IJ or ?*] I
 Nothing happens.
 In what direction? 4
 The dart hits the Kop Sergeant.
 The Kop Sergeant hits!
 What do you want to drink? [xyCEK or ?*] y
 You feel lackluster.
 The Kop Sergeant hits!
 You die...
 Chicoutimi comes and takes all your possessions.
 Do you want to see what you had when you died? [ynq] (y) y
 Do you want to see your attributes? [ynq] (y) y
 Do you want an account of creatures vanquished? [ynaq] (y) y
 Do you want to see your conduct and achievements? [ynq] (y) y
 Do you want to see the dungeon overview? [ynq] (y) q

Inventory:
 Amulets  ('"')
  T - a cursed amulet of change
  A - a cursed amulet of restful sleep
 Weapons  (')')
  p - 7 cursed +0 arrows
  a - 19 +2 darts (at the ready)
  t - a +0 orcish dagger
  Q - a +0 rubber hose
  R - a +0 rubber hose
  S - a +0 rubber hose
 Armor    ('[')
  O - an uncursed +0 pair of leather gloves
  F - an uncursed +0 pair of speed boots
  v - an uncursed +0 pair of water walking boots (being worn)
  i - an uncursed +0 Hawaiian shirt with a parrot motif (being worn)
 Comestibles  ('%')
  P - 3 uncursed cream pies
  b - 5 uncursed food rations
  f - 2 uncursed fortune cookies
  c - 2 uncursed pancakes
  d - an uncursed sprig of wolfsbane
  e - an uncursed tripe ration
  G - an uncursed tin of dried lichen
 Scrolls  ('?')
  h - 4 uncursed scrolls of magic mapping
 Potions  ('!')
  E - an uncursed potion of gain ability
  C - a cursed potion of gain energy
  K - a cursed potion of monster detection
  x - an uncursed potion of oil
 Rings    ('=')
  M - an uncursed ring of slow digestion
 Wands    ('/')
  J - a wand of probing (0:3)
  I - a wand of striking (0:0)
 Tools    ('(')
  n - an uncursed beartrap
  q - an uncursed beartrap
  k - an uncursed credit card
  j - an expensive camera (0:34)
  w - an uncursed magic whistle
 Gems/Stones  ('*')
  u - an uncursed opal
  B - an uncursed opal
  o - 2 cursed worthless pieces of black glass
  D - 2 uncursed worthless pieces of orange glass
  H - an uncursed worthless piece of violet glass
  l - 10 uncursed rocks

DiePARTEI the Tourist's attributes:

Background:
 You were a Sightseer, a level 4 female human Tourist.
 You were neutral, on a mission for The Lady
 who was opposed by Blind Io (lawful) and Offler (chaotic).
 You were right-handed.
 You were in the Dungeons of Doom, on level 2.
 You entered the dungeon 979 turns ago.
 You had 155 experience points, 5 more were needed to attain level 5.

Basics:
 You had 0 out of 37 hit points.
 You had 0 out of 10 energy points (spell power).
 Your armor class was 9.
 Your wallet was empty.
 Autopickup was off.

Final Characteristics:
 Your strength was 13 (limit:18/100).
 Your dexterity was 10 (limit:18).
 Your constitution was 15 (limit:18).
 Your intelligence was 13 (limit:18).
 Your wisdom was 8 (limit:18).
 Your charisma was 17 (limit:18).

Final Status:
 You weren't hungry.
 You were burdened; movement was slightly slowed.
 You were bare handed.
 You were unskilled in bare handed combat.

Final Attributes:
 You were devoutly aligned.
 You could walk on water.
 You are dead.

Miscellaneous:
 You didn't encounter any bones levels.
 Total elapsed playing time was 9 minutes and 16 seconds.

Major events:
 Turn
    1: DiePARTEI the neutral female human Tourist entered the dungeon
  809: stole 3127 zorkmids worth of merchandise from Chicoutimi's general store
  905: attained the rank of Sightseer (level 3)
  979: killed by a Kop Sergeant

You didn't know any spells.

Skills:
 Fighting Skills
   bare handed combat [Unskilled]
   two weapon combat  [Unskilled]
   riding             [Unskilled]
 Weapon Skills
   dagger             [Unskilled]
   knife              [Unskilled]
   axe                [Unskilled]
   pick-axe           [Unskilled]
   short sword        [Unskilled]
   broadsword         [Unskilled]
   long sword         [Unskilled]
   two-handed sword   [Unskilled]
   saber              [Unskilled]
   mace               [Unskilled]
   morning star       [Unskilled]
   flail              [Unskilled]
   hammer             [Unskilled]
   quarterstaff       [Unskilled]
   polearms           [Unskilled]
   spear              [Unskilled]
   trident            [Unskilled]
   lance              [Unskilled]
   bow                [Unskilled]
   sling              [Unskilled]
   crossbow           [Unskilled]
   dart               [Basic]
   shuriken           [Unskilled]
   boomerang          [Unskilled]
   whip               [Unskilled]
   unicorn horn       [Unskilled]
 Spellcasting Skills
   divination spells  [Unskilled]
   enchantment spells [Unskilled]
   escape spells      [Unskilled]

Voluntary challenges:
 Character rerolling was not enabled.
 You followed a strict vegan diet.
 You never hit with a wielded weapon.
 You never genocided any monsters.
 You never polymorphed an object.
 You never changed form.
 You used no wishes.
Achievements:
 You entered a shop.
 You attained the rank of Sightseer.

 The Dungeons of Doom: levels 1 to 2
    Level 1:
       Some fountains.
    Level 2: <- You were here.
       A general store, a fountain.
       Final resting place for
          you, killed by a Kop Sergeant.


Vanquished creatures:
  3 Kop Lieutenants
  8 Kop Sergeants
 11 Keystone Kops
  a jackal
  3 foxes
  a kobold
  a goblin
  a grid bug
  a kobold zombie
  7 newts
37 creatures vanquished.

No species were genocided or became extinct.

Game over:
                       ----------
                      /          \
                     /    REST    \
                    /      IN      \
                   /     PEACE      \
                  /                  \
                  |    DiePARTEI     |
                  |       0 Au       |
                  | killed by a Kop  |
                  |     Sergeant     |
                  |                  |
                  |                  |
                  |       2026       |
                 *|     *  *  *      | *
        _________)/\\_//(\/(/\)/\//\/|_)_______

Aloha DiePARTEI the Tourist...

You died in The Dungeons of Doom on dungeon level 2 with 710 points,
and 0 pieces of gold, after 979 moves.
You were level 4 with a maximum of 37 hit points when you died.

